 Dungeon Crawl Stone Soup version 0.16-a0-2736-g1697cd3 (webtiles) character file.

44 ketsa the Grave Robber (level 3, 0/24 HPs)
             Began as a Demonspawn Necromancer on Nov 26, 2014.
             Slain by an adder (2 damage)
             ... on level 2 of the Dungeon.
             The game lasted 00:07:07 (2385 turns).

ketsa the Grave Robber (Demonspawn Necromancer)     Turns: 2385, Time: 00:07:07

Health: 0/24       AC:  4    Str:  8    XL:     3   Next: 39%
Magic:  0/6        EV: 12    Int: 17    God:
Gold:   87         SH:  2    Dex: 13    Spells: 2 memorised, 5 levels left

rFire  . . .     SeeInvis .     d - +0 spear
rCold  . . .     Clarity  .     a - +0 robe
rNeg   . . .     SustAb   .     (no shield)
rPois  .         Gourm    .     (no helmet)
rElec  .         Spirit   .     (no cloak)
rCorr  .         Warding  .     (no gloves)
rMut   .         Stasis   .     (no boots)
MR     .....                    (no amulet)
Stlth  ++........               (no ring)
                                (no ring)

@: lethally poisoned, very slightly contaminated, not resistant to hostile
enchantments, unstealthy
A: talons 1, large bone plates 1
a: no special abilities


You were on level 2 of the Dungeon.
You were not hungry.

You visited 1 branch of the dungeon, and saw 3 of its levels.

You collected 87 gold pieces.

Inventory:

Hand weapons
 d - a +0 spear (weapon)
 j - a +0 hunting sling
Armour
 a - a +0 robe (worn)
Scrolls
 g - 2 scrolls of identify {unknown}
 h - a scroll of teleportation {unknown}
 k - a scroll of remove curse {unknown}
 m - a scroll of magic mapping {unknown}
Potions
 e - 2 potions of curing {unknown}
 i - a potion of agility {unknown}
Books
 b - a book of Necromancy

   Spells                             Type                      Level
   *Pain                              Necromancy                   1
   *Animate Skeleton                  Necromancy                   1
   Vampiric Draining                  Necromancy                   3
   Regeneration                       Charms/Necromancy            3
   Animate Dead                       Necromancy                   4
   Control Undead                     Necromancy                   4
Comestibles
 c - 3 bread rations
 f - a meat ration
 l - 5 chunks of flesh


   Skills:
 + Level 0.3 Polearms
 + Level 2.5 Dodging
 - Level 1.7 Stealth
 + Level 2.6 Spellcasting
 + Level 4.6 Necromancy


You had 5 spell levels left.
You knew the following spells:

 Your Spells              Type           Power        Failure   Level  Hunger
a - Pain                  Necr           ###.         2%          1    #......
b - Animate Skeleton      Necr           N/A          2%          1    #......


Dungeon Overview and Level Annotations

Branches:
Dungeon (3/15)

Altars:


Innate Abilities, Weirdness & Mutations

You have sharp toenails.
You are partially covered in large bone plates (AC +2, SH +2).


Message History

Casting: Pain
Confirm with . or Enter, or press ? or * to list all spells.
Aiming: Pain
Press: ? - help, Shift-Dir - straight line, f/p - adder
Aim: an adder (lightly wounded)
The adder convulses in agony!
The adder bites you but does no damage.
Casting: Pain
Confirm with . or Enter, or press ? or * to list all spells.
Aiming: Pain
Press: ? - help, Shift-Dir - straight line, f/p - adder
Aim: an adder (heavily wounded)
The adder resists with significant effort.
You feel sick. The adder closely misses you.
The gnoll hits you from afar with a halberd!
Ouch! That really hurt!
* * * LOW HITPOINT WARNING * * *
You hit the adder. You claw the adder, but do no damage.
The adder is heavily wounded.
The adder bites you.
You die...

#########
##..##...#
#####....#...# #
...#............#
.##
.....S..........#
.#..
..?....###...#...#
##.# #.....
#).####.##
##.###.....# #S##
#.#
...........#####@#
#.#
..........<...g..#
#.#
.....##g...#######
#.# ......## #.#
..###..## #.# ###
##..## ####.#### #
##.[###
##.......##
##...####
#.......>.#
###...)#
#.........#


You could see a gnoll and an adder.

Vanquished Creatures
  A gnoll (D:2)
  A worm (D:2)
  3 giant geckos
  A giant cockroach (D:1)
  4 hobgoblins
  6 bats
  2 giant newts
  2 goblins
  3 kobolds (D:1)
  3 rats
26 creatures vanquished.

Vanquished Creatures (collateral kills)
  A goblin (D:1)
  2 giant newts (D:1)
3 creatures vanquished.

Vanquished Creatures (others)
  A bat skeleton (D:1)
  A hobgoblin skeleton (D:1)
  A rat skeleton (D:1)
3 creatures vanquished.

Grand Total: 32 creatures vanquished

Notes
Turn   | Place    | Note
--------------------------------------------------------------
     0 | D:1      | ketsa, the Demonspawn Necromancer, began the quest for the Orb.
     0 | D:1      | Reached XP level 1. HP: 13/13 MP: 3/3
     8 | D:1      | Learned a level 1 spell: Animate Skeleton
   551 | D:1      | Gained mutation: You have sharp toenails. [demonic ancestry]
   551 | D:1      | Reached XP level 2. HP: 7/19 MP: 1/5
  1829 | D:2      | Gained mutation: You are partially covered in large bone plates (AC +2, SH +2). [demonic ancestry]
  1829 | D:2      | Reached XP level 3. HP: 6/24 MP: 1/6
  2385 | D:2      | Slain by an adder

Action                   || total
-------------------------++-------
Melee: Unarmed           ||    48
       Spear             ||    67
 Cast: Pain              ||    28
       Animate Skeleton  ||     7
 Stab: Sleeping          ||     5
  Eat: Meat ration       ||     1
